 Dungeon Crawl Stone Soup version 0.31-a0-1-g4198be8af4 (webtiles) character file.

Game seed: 11904833290724935184

22280 Jeffwins the Spear-Bearer (level 12, 0/88 HPs)
             Began as a Merfolk Summoner on May 1, 2023.
             Was an Initiate of Gozag.
             Slain by a komodo dragon (28 damage)
             ... on level 2 of the Lair of Beasts.
             The game lasted 00:43:08 (15593 turns).

Jeffwins the Spear-Bearer (Merfolk Summoner)       Turns: 15593, Time: 00:43:08

Health: 0/88       AC:  8    Str: 15    XL:     12   Next: 98%
Magic:  12/23      EV: 14    Int: 24    God:    Gozag
Gold:   1154       SH:  0    Dex: 15    Spells: 3/26 levels left

rFire   . . .        a - +2 halberd (freeze)
rCold   . . .        (shield currently unavailable)
rNeg    . . .        K - +0 swamp dragon scales
rPois   +            (no helmet)
rElec   .            s - +0 cloak {Stlth+}
rCorr   .            (no gloves)
SInv    .            (no boots)
Will    .....        o - amulet of magic regeneration
Stlth   +++          I - +6 ring of intelligence
HPRegen 0.34/turn    S - +6 ring of strength
MPRegen 0.58/turn

%: no passive effects
@: no status effects
A: (nimble swimmer 2), mertail
a: Renounce Religion, Potion Petition, Call Merchant, Bribe Branch


You were on level 2 of the Lair of Beasts.
You worshipped Gozag.
Gozag was most pleased with you.
You visited 2 branches of the dungeon, and saw 15 of its levels.
You also visited: Bailey.

You collected 3527 gold pieces.
You spent 1563 gold pieces at shops.
You paid 810 gold pieces to Gozag.


Innate Abilities, Weirdness & Mutations

((You are very nimble when in or above water. (Stealth+, EV+, Speed+++)))
Your lower body shifts to a powerful aquatic tail in water.


   Skills:
 + Level 6.0 Fighting
 * Level 10.5 Polearms
 + Level 5.2 Throwing
 + Level 7.9 Dodging
 - Level 5.0 Stealth
 * Level 7.8 Spellcasting
 * Level 4.9 Hexes
 * Level 9.2 Summonings
 + Level 3.5 Translocations
 * Level 4.7 Ice Magic
 * Level 6.3 Air Magic
 + Level 5.1 Evocations


You had 3 spell levels left.
You knew the following spells:

 Your Spells              Type           Power      Damage    Failure   Level
b - Summon Ice Beast      Ice/Summ       42%        N/A       8%          4
c - Summon Mana Viper     Hex/Summ       43%        N/A       21%         5
g - Summon Guardian Gole  Hex/Summ       43%        N/A       2%          3
v - Summon Lightning Spi  Summ/Air       47%        N/A       5%          4
x - Call Imp              Summ           100%       N/A       1%          2
z - Call Canine Familiar  Summ           52%        N/A       1%          3
I - Blink                 Tloc           52%        N/A       4%          2

Your spell library contained the following spells:

 Spells                   Type           Power      Damage    Failure   Level
 Summon Small Mammal      Summ           100%       N/A       1%          1
 Ensorcelled Hibernation  Hex/Ice        64%        N/A       2%          2
 Lesser Beckoning         Tloc           52%        N/A       4%          2
 Static Discharge         Conj/Air       48%        2-4/arc   5%          2
 Gell's Gravitas          Tloc           26%        N/A       9%          3
 Teleport Other           Tloc           26%        N/A       9%          3
 Momentum Strike          Conj/Tloc      36%        3d9       10%         2
 Inner Flame              Hex/Fire       21%        N/A       14%         3
 Airstrike                Air            20%        2d(3-19)  10%         4
 Ice Form                 Ice/Tmut       20%        N/A       45%         4
 Flame Wave               Conj/Fire      9%         2d6       78%         4
 Sticky Flame             Conj/Fire      9%         2d3       78%         4
 Monstrous Menagerie      Summ           26%        N/A       94%         7
 Borgnjor's Vile Clutch   Necr/Erth      4%         N/A       98%         5

Inventory:

Hand Weapons
 a - a +2 halberd of freezing (weapon)
 j - a +1 antimagic spear
 k - the +1 whip of Okawaru's Grace {heavy, rPois rN+ Will+++}
   (You found it on level 6 of the Dungeon)

   rPois:     It protects you from poison.
   rN:        It protects you from negative energy.
   Will:      It greatly increases your willpower.
Missiles
 d - 49 poisoned darts (quivered)
 y - a curare-tipped dart {=f}
 N - 2 throwing nets {=f}
Armour
 s - a +0 cloak of stealth (worn)
 A - a +0 kite shield
 H - a +2 ring mail of fire resistance
 K - +0 swamp dragon scales (worn)
 X - a +2 robe of willpower
Jewellery
 g - an amulet of regeneration
 o - an amulet of magic regeneration (around neck)
 C - a ring of protection from cold
 E - the ring of Teav {rPois EV+5 Int-5 Slay+2}
   (You found it on level 12 of the Dungeon)

   [ring of evasion]

   EV:        It affects your evasion (+5).
   Int:       It affects your intelligence (-5).
   Slay:      It affects your accuracy & damage with ranged weapons and melee
   (+2).
   rPois:     It protects you from poison.
 I - a +6 ring of intelligence (left hand)
 L - a ring of flight
 S - a +6 ring of strength (right hand)
 Z - a ring of wizardry
Wands
 z - a wand of paralysis (11)
 M - a wand of flame (36)
 O - a wand of roots (9)
 T - a wand of mindburst (6)
 Y - a wand of quicksilver (6)
Scrolls
 h - 3 scrolls of butterflies
 q - 8 scrolls of teleportation {@r4}
 t - a scroll of enchant weapon
 u - a scroll of torment {!r}
 v - 2 scrolls of fog
 w - 3 scrolls of blinking
 F - a scroll of brand weapon
 G - 2 scrolls of amnesia
 J - 4 scrolls of magic mapping
 Q - 2 scrolls of fear
 U - 2 scrolls of poison
 V - 2 scrolls of vulnerability {!r}
 W - a scroll of silence {unknown}
Potions
 b - 2 potions of magic
 c - 2 potions of cancellation {unknown}
 e - 3 potions of lignification {unknown}
 i - 2 potions of mutation {!q}
 l - 5 potions of haste {unknown}
 m - a potion of invisibility
 n - 4 potions of flight {unknown}
 p - 2 potions of berserk rage {unknown}
 r - 4 potions of ambrosia
 x - 3 potions of degeneration {unknown}
 B - 3 potions of curing {unknown}
 P - 4 potions of heal wounds {unknown}
 R - 3 potions of might {unknown}
Miscellaneous
 f - a condenser vane (inert)
 D - a box of beasts (inert)

Dungeon Overview and Level Annotations

Branches:
Dungeon (13/15)            Temple (0/1) D:5            Lair (2/5) D:10
    Orc (0/2) D:9          Bailey (visited)
  Swamp: Lair:2-3    Shoals: Lair:2-3     Snake: Lair:2-3    Spider: Lair:2-3
 Vaults: D:13-14

Altars:
Cheibriados
Dithmenos
Elyvilon
Fedhas
Gozag
Okawaru
Ru
Uskayaw
Vehumet

Shops:
D:2 :   D:5 (   D:6 *   D:9 = D:11

* .# ... ...# .#..
.......# #....
#......#.## #...#
####...♣..#..####...##
............##.♣.....P.
..............X...# ...
...♣..♣.>.♣....l.♣.....
...............@.H......
...........#..♣.##.....
###...♣..#.#5#♣# ....
##........##.## #..
#.........##### ♣
....♣...### #.......#
+........ #...###.#


You could see a nameless horror, a komodo dragon (ally target), a friendly
larval fireweird beast (summoned) and a friendly cerulean imp (summoned).


Message History

The komodo dragon bites you but does no damage.
The nameless horror hits you!
You feel your power leaking away. The komodo dragon bites you!
There is a stone staircase leading up, spattered with blood here.
Unknown command.
Casting: Call Canine Familiar (safe; 1% risk of failure)
Confirm with . or Enter, or press ? or * to list all spells.
A mana viper appears with a sibilant hiss.
Send 'em back where they came from!
The komodo dragon bites you but does no damage.
Unknown command.
The nameless horror attacks as you move away!
The nameless horror closely misses you.
The komodo dragon attacks as you move away!
The komodo dragon bites you!
Send 'em back where they came from!
Your mana viper disappears in a puff of smoke!
Casting: Summon Mana Viper (dangerous; 21% risk of failure)
Confirm with . or Enter, or press ? or * to list all spells.
A tiny devil pulls itself out of the air.
Send 'em back where they came from!
The komodo dragon bites you!!
* * * LOW HITPOINT WARNING * * *
Unknown command.
Unknown command.
You open the lid... ...and a larval fireweird beast leaps out!
The box is emptied!
Send 'em back where they came from!
The komodo dragon bites you!!
You die...
Your body crumbles into a pile of gold.

Skill      XL: |  1  2  3  4  5  6  7  8  9 10 11 12 |
---------------+-------------------------------------+-----
Dodging        | 3 4 5 6 7 |  7.9
Fighting       | 1 2 3 4 5 6 |  6.0
Polearms       | 1 2 3 4 5 6 8 9 10 | 10.5
Spellcasting   | 3 4 5 6 7 |  7.8
Stealth        | 3 4 5 |  5.0
Air Magic      | 1 2 3 4 5 6 |  6.3
Throwing       | 1 2 3 4 5 |  5.2
Summonings     | 5 6 7 8 9 |  9.2
Evocations     | 1 2 3 4 5 |  5.1
Translocations | 1 2 3 |  3.5
Hexes          | 1 3 4 |  4.9
Ice Magic      | 3 4 |  4.7

Action                     |  1- 3 |  4- 6 |  7- 9 | 10-12 || total
---------------------------+-------+-------+-------+-------++-------
  Melee: Dagger            |    26 |       |       |       ||    26
         Short sword       |    30 |       |       |       ||    30
         Punch             |     1 |     2 |     2 |       ||     5
         Spear             |    48 |    46 |       |       ||    94
         Trident           |       |   144 |   242 |   210 ||   596
         Halberd           |       |       |       |   265 ||   265
  Throw: Dart              |       |       |     5 |     5 ||    10
   Cast: Summon Small Mamm |    13 |     1 |     3 |       ||    17
         Call Imp          |     5 |    12 |    28 |    43 ||    88
         Call Canine Famil |       |    10 |    34 |    56 ||   100
         Summon Lightning  |       |     1 |     5 |    18 ||    24
         Summon Guardian G |       |       |       |     1 ||     1
         Summon Mana Viper |       |       |       |     9 ||     9
 Invoke: Call Merchant     |       |       |       |     1 ||     1
  Evoke: Box of beasts     |       |       |     1 |     2 ||     3
         Wand              |       |       |     2 |     3 ||     5
         Condenser vane    |       |       |       |     2 ||     2
    Use: Scroll            |       |       |    12 |     8 ||    20
         Potion            |       |       |       |     2 ||     2
   Stab: Sleeping          |     8 |    11 |     3 |    12 ||    34
         Distracted        |       |     3 |     3 |    14 ||    20
         Paralysed         |       |       |     3 |       ||     3
         Invisible         |       |       |       |     4 ||     4
 Armour: Robe              |    23 |    21 |    12 |       ||    56
         Swamp dragon scal |       |       |    48 |   102 ||   150
  Dodge: Dodged            |    99 |   125 |   116 |   242 ||   582

Levels and vault maps discovered:
D:1:      ncdulo_watergridlock, layout_rooms, minmay_small_reverse_x
D:2:      layout_basic, basic_altar, nicolae_shop_vocational
D:3:      layout_loops_ring, uniq_crazy_yiuf_cottage
D:4:      layout_basic, cheibriados_altar_1
D:5:      layout_basic, eat_drink_and_be_merry_uskayaw,
          minmay_temple_entry_trees, serial_shops,
          nicolae_shop_bloodbath_and_beyond, minmay_gold_behind_fungi,
          uniq_edmund
D:6:      layout_rooms, nicolae_shop_gadgets
D:7:      layout_cave_pools, lemuel_crystal_altar,
          hangedman_abyss_or_decor_stabs, minmay_fractal_squares_gapless_5,
          uniq_pikel, uniq_maggie, uniq_duvessa
D:8:      layout_loops_ring, vehumet_altar_wand_db, amcnicky_altar_gilded,
          kennysheep_mini_moat, nicolae_lava_and_water
D:9:      layout_loops_ring, grunt_dithmenos_smoke, zombieorc1_lemuel,
          enter_bailey_5
D:10:     layout_loops_cross, lemuel_doored_altar, dpeg_lair_monsters,
          uniq_amaemon, uniq_harold
D:11:     layout_basic, serial_shops, nicolae_shop_behind_doors
D:12:     layout_cave_pools, gammafunk_ghost_hive
D:13:     layout_roguey
Lair:1:   layout_gridlike, serial_bayou_shore_b, lemuel_fruit_fields
Lair:2:   layout_roguey, skrybe_swamp_entry_bodies, grunt_megastairs_3

Notes
Turn   | Place    | Note
-------+----------+-------------------------------------------
     0 | D:1      | Jeffwins the Merfolk Summoner began the quest for the Orb.
     0 | D:1      | Reached XP level 1. HP: 13/13 MP: 3/3
   145 | D:1      | Reached XP level 2. HP: 20/20 MP: 1/5
   221 | D:1      | Learned a level 2 spell: Call Imp
   466 | D:1      | Reached XP level 3. HP: 25/25 MP: 6/6
   470 | D:1      | Learned a level 3 spell: Call Canine Familiar
   487 | D:1      | Reached skill level 3 in Dodging
   834 | D:2      | Reached skill level 1 in Fighting
  1024 | D:2      | Found Xumaetoc's Vocational Training.
  1235 | D:2      | Found an opulent altar of Gozag.
  1252 | D:2      | Became a worshipper of Gozag Ym Sagoz the Greedy
  1332 | D:2      | Reached XP level 4. HP: 15/32 MP: 3/8
  1714 | D:3      | Reached skill level 1 in Polearms
  1744 | D:3      | Reached skill level 3 in Spellcasting
  1744 | D:3      | Reached XP level 5. HP: 17/37 MP: 3/9
  1771 | D:3      | Reached skill level 2 in Polearms
  1891 | D:3      | Learned a level 4 spell: Summon Lightning Spire
  2467 | D:3      | Found a runed translucent door.
  2468 | D:3      | Noticed Crazy Yiuf
  2564 | D:3      | Reached skill level 3 in Stealth
  2971 | D:3      | Killed Crazy Yiuf
  3123 | D:4      | Reached XP level 6. HP: 30/44 MP: 10/10
  3385 | D:4      | Found a snail-covered altar of Cheibriados.
  3696 | D:4      | Reached skill level 1 in Air Magic
  4116 | D:4      | Reached skill level 3 in Polearms
  4254 | D:5      | Entered Level 5 of the Dungeon
  4254 | D:5      | Noticed Edmund
  4268 | D:5      | Killed Edmund
  4269 | D:5      | Reached skill level 2 in Fighting
  4269 | D:5      | Reached skill level 1 in Throwing
  4269 | D:5      | Reached skill level 4 in Dodging
  4269 | D:5      | Reached skill level 5 in Summonings
  4269 | D:5      | Reached XP level 7. HP: 42/50 MP: 3/12
  4394 | D:5      | Found a hide-covered altar of Uskayaw.
  4552 | D:5      | Found Ruvaunio's Weapon Shop.
  4578 | D:5      | HP: 3/50 [gnoll/+0 halberd (12)]
  4774 | D:5      | Bought 2 poisoned darts for 13 gold pieces
  4891 | D:5      | Found a staircase to the Ecumenical Temple.
  5727 | D:6      | Identified the +1 whip of Okawaru's Grace {heavy, rPois rN+
                  | Will+++}
  5746 | D:6      | Reached skill level 2 in Air Magic
  5813 | D:6      | Found Odwuo's Gadget Gallery.
  5822 | D:6      | Bought a box of beasts for 520 gold pieces
  5859 | D:6      | Reached skill level 4 in Polearms
  5859 | D:6      | Reached skill level 4 in Spellcasting
  5859 | D:6      | Reached skill level 1 in Evocations
  5859 | D:6      | Reached XP level 8. HP: 32/57 MP: 9/14
  6275 | D:7      | Reached skill level 4 in Stealth
  6325 | D:7      | Reached skill level 2 in Throwing
  6532 | D:7      | Noticed Maggie
  6548 | D:7      | Killed Maggie
  6549 | D:7      | Reached skill level 5 in Polearms
  6651 | D:7      | Noticed Duvessa
  6655 | D:7      | Noticed Dowan
  6665 | D:7      | Killed Duvessa
  6666 | D:7      | Reached skill level 3 in Fighting
  6666 | D:7      | Reached skill level 6 in Summonings
  6704 | D:7      | Killed Dowan
  6716 | D:7      | Reached skill level 3 in Air Magic
  6716 | D:7      | Reached XP level 9. HP: 45/64 MP: 4/16
  6806 | D:7      | Learned a level 2 spell: Blink
  6980 | D:7      | Reached skill level 2 in Evocations
  7026 | D:7      | Reached skill level 5 in Dodging
  7053 | D:7      | Noticed Pikel
  7068 | D:7      | Killed Pikel
  7069 | D:7      | Reached skill level 6 in Polearms
  7069 | D:7      | Reached skill level 5 in Spellcasting
  7248 | D:7      | Found an iron altar of Okawaru.
  7676 | D:8      | Reached skill level 1 in Translocations
  7709 | D:8      | Found a radiant altar of Vehumet.
  7783 | D:8      | Reached skill level 3 in Throwing
  7847 | D:8      | Identified the +6 mace of the Ancients {freeze, Will+}
  7895 | D:8      | Reached skill level 5 in Stealth
  7963 | D:8      | Reached skill level 4 in Fighting
  8119 | D:8      | Found a sacrificial altar of Ru.
  8130 | D:8      | Identified the +1 robe of Sevoxoce {Dex+2}
  8230 | D:8      | Found a white marble altar of Elyvilon.
  8291 | D:8      | Reached XP level 10. HP: 71/71 MP: 6/18
  8309 | D:8      | Reached skill level 7 in Polearms
  8309 | D:8      | Reached skill level 4 in Air Magic
  8472 | D:8      | Reached skill level 7 in Summonings
  8747 | D:9      | Reached skill level 3 in Evocations
  8747 | D:9      | Found a staircase to the Orcish Mines.
  9001 | D:9      | Found a flagged portal.
  9002 | D:9      | Noticed a two-headed ogre
  9019 | D:9      | Killed a two-headed ogre
  9020 | D:9      | Reached skill level 6 in Dodging
  9020 | D:9      | Reached skill level 6 in Spellcasting
  9041 | D:9      | Bought an amulet of regeneration for 330 gold pieces
  9071 | Bailey   | Entered a bailey
  9338 | Bailey   | Noticed a gargoyle
  9345 | Bailey   | Learned a level 3 spell: Summon Guardian Golem
  9361 | Bailey   | Killed a gargoyle
  9362 | Bailey   | Reached skill level 2 in Translocations
  9428 | Bailey   | Reached skill level 8 in Polearms
  9533 | Bailey   | Reached skill level 1 in Hexes
  9843 | D:9      | Reached XP level 11. HP: 78/78 MP: 11/20
  9844 | D:9      | Reached skill level 4 in Throwing
 10013 | D:9      | Noticed a boulder beetle
 10029 | D:9      | Killed a boulder beetle
 10030 | D:9      | Reached skill level 5 in Air Magic
 10101 | D:9      | Found a shadowy altar of Dithmenos.
 10265 | D:9      | Learned a level 4 spell: Summon Ice Beast
 10366 | D:9      | Reached skill level 5 in Fighting
 10684 | D:10     | Entered Level 10 of the Dungeon
 10751 | D:10     | Noticed Amaemon
 10771 | D:10     | Reached skill level 2 in Hexes
 11041 | D:10     | Found a blossoming altar of Fedhas.
 11096 | D:10     | Noticed a two-headed ogre
 11108 | D:10     | Killed a two-headed ogre
 11109 | D:10     | Reached skill level 1 in Ice Magic
 11109 | D:10     | Reached skill level 4 in Evocations
 11223 | D:10     | Noticed a death yak
 11225 | D:10     | Noticed a death yak
 11259 | D:10     | Noticed a death yak
 11361 | D:10     | Found a staircase to the Lair.
 11369 | D:10     | Reached skill level 8 in Summonings
 11435 | D:10     | Killed Amaemon
 11621 | D:10     | Noticed Harold
 11653 | D:10     | Killed Harold
 11654 | D:10     | Reached skill level 9 in Polearms
 11663 | D:10     | Reached skill level 2 in Ice Magic
 11886 | D:10     | Killed a death yak
 11887 | D:10     | Reached skill level 7 in Spellcasting
 11898 | D:9      | Killed a death yak
 11899 | D:9      | Reached skill level 3 in Hexes
 11992 | D:10     | Killed a death yak
 11993 | D:10     | Reached skill level 7 in Dodging
 12235 | D:11     | Reached skill level 3 in Ice Magic
 12244 | D:11     | Reached XP level 12. HP: 46/86 MP: 13/22
 12251 | D:11     | Reached skill level 3 in Translocations
 12361 | D:11     | Noticed a boulder beetle
 12372 | D:11     | Killed a boulder beetle
 12509 | D:11     | Learned a level 5 spell: Summon Mana Viper
 12856 | D:11     | Learned a level 3 spell: Call Canine Familiar
 12941 | D:11     | Found Cybbanki's General Store.
 12944 | D:11     | Bought a scroll of poison for 52 gold pieces
 12944 | D:11     | Bought a scroll of magic mapping for 97 gold pieces
 12944 | D:11     | Bought a wand of roots (6) for 187 gold pieces
 12944 | D:11     | Bought Enwumev's Dissertation on Chilly Breccia for 364
                  | gold pieces
 13314 | D:12     | Reached skill level 4 in Hexes
 13314 | D:12     | Reached skill level 6 in Air Magic
 13489 | D:12     | Found a transporter.
 13491 | D:12     | Found a transporter.
 13492 | D:12     | Noticed Rydoor's ghost (journeyman MfBe)
 13598 | D:12     | Reached skill level 10 in Polearms
 13604 | D:12     | Reached skill level 4 in Ice Magic
 14019 | D:12     | Reached skill level 9 in Summonings
 14208 | D:12     | Killed Rydoor's ghost
 14250 | D:12     | Identified the ring of Teav {rPois EV+5 Int-5 Slay+2}
 14393 | D:10     | Reached skill level 5 in Evocations
 14407 | Lair:1   | Entered Level 1 of the Lair of Beasts
 14476 | Lair:1   | Reached skill level 5 in Throwing
 14657 | Lair:1   | Identified a potion of resistance
 15492 | Lair:1   | Reached skill level 6 in Fighting
 15593 | Lair:2   | Slain by a komodo dragon

Vanquished Creatures
  A boulder beetle (D:11)
  2 cyclopes
  A black mamba (Lair:1)
  A gargoyle (D:11)
  A cane toad (Lair:1)
  An orange demon (D:10)
  2 trolls (D:12)
  A meliai (D:12)
  A nameless horror (D:12)
  A hornet (D:12)
  5 yaks
  A steam dragon (D:8)
  A basilisk (Lair:1)
  5 vampire mosquitoes (D:11)
  Edmund (D:5)
  An acid dragon (D:8)
  2 water moccasins
  Duvessa (D:7)
  2 centaurs
  3 phantoms
  2 kobold brigands
  4 bullfrogs
  2 scorpions
  A troll zombie (D:9)
  6 killer bees
  3 vampire bats (Bailey)
  4 howler monkeys
  An electric eel (D:8)
  4 wolf zombies (Bailey)
  A jelly (D:5)
  2 orc priests (D:9)
  An iguana (D:6)
  4 orc wizards
  3 ogre zombies (D:9)
  2 gnolls
  6 adders
  A river rat (D:10)
  A white imp (D:6)
  An ufetubus (D:4)
  2 worms
  3 dart slugs
  15 orcs
  6 endoplasms
  3 giant cockroaches
  4 goblins
  4 hobgoblins
  12 jackals
  14 kobolds
  3 quokkas
  6 ball pythons
  A bat (D:2)
  4 frilled lizards
  3 goblin skeletons (D:9)
  A goblin zombie (D:9)
  A hobgoblin zombie (D:9)
  17 orc zombies
  A rat (D:10)
183 creatures vanquished.

Vanquished Creatures (collateral kills)
  The ghost of Rydoor the Carver, a journeyman MfBe of Trog (D:12)
  Harold (D:10)
  A boulder beetle (D:9)
  2 two-headed ogres
  3 death yaks
  Amaemon (D:10)
  Pikel (D:7)
  4 cane toads
  A gargoyle (Bailey)
  Maggie (D:7)
  A rime drake (Lair:2)
  A queen bee (D:12)
  A troll (D:12)
  A meliai (D:12)
  2 hornets (D:12)
  A wraith (D:12)
  12 yaks
  2 wyverns
  3 shadows
  A steam dragon (D:8)
  2 vampires
  2 vampire mosquitoes (D:11)
  2 acid dragons
  A water moccasin (D:9)
  2 orc warriors
  2 ice beasts
  3 centaurs
  A lemure (D:7)
  A kobold brigand (D:8)
  A gnoll sergeant (D:7)
  3 bullfrogs
  3 wights (D:8)
  Dowan (D:7)
  3 killer bees
  5 vampire bats (Bailey)
  2 howler monkeys
  A nameless horror (D:10)
  2 wolf zombies (Bailey)
  A lava snake (D:8)
  3 hounds (D:5)
  A jelly (D:3)
  A sleepcap (D:4)
  Crazy Yiuf (D:3)
  2 iguanas
  8 orc wizards
  2 ogre zombies (D:9)
  5 gnolls
  2 adders
  2 river rats (D:10)
  A shadow imp (D:8)
  A white imp (D:6)
  A worm (D:3)
  A dart slug (D:1)
  26 orcs
  2 ball pythons (D:1)
  3 bats
  2 endoplasms (D:1)
  A giant cockroach (D:1)
  3 quokkas
  9 goblins
  A hobgoblin zombie (D:9)
  9 kobolds
  2 orc skeletons (D:9)
  15 orc zombies
  A rat (D:10)
  A butterfly (Lair:1)
185 creatures vanquished.

Vanquished Creatures (others)
  7 fungi
  3 toadstools (D:5)
10 creatures vanquished.

Grand Total: 378 creatures vanquished

Table legend: (Time is in decaauts)
 A = Elapsed time spent in this place.
 B = Non-inter-level travel time spent in this place.
 C = Inter-level travel time spent in this place.
 D = Time resting spent in this place.
 E = Time spent auto-exploring this place.
 F = Levels seen in this place.
 G = Mean time per level.
                   A        B        C        D        E       F      G
               +--------+--------+--------+--------+--------+-----+--------+
         Total |  15621 |  15031 |    590 |    885 |  10617 |  16 |  976.3 |
       Dungeon |  13731 |  13180 |    551 |    609 |   9445 |  13 | 1056.2 |
          Lair |   1186 |   1147 |     39 |    276 |    724 |   2 |  593.0 |
        Bailey |    704 |    704 |      0 |      0 |    447 |   1 |  704.0 |
               +--------+--------+--------+--------+--------+-----+--------+

Top non-repeatable levels by time:
     D:9: 1530 daAuts
     D:3: 1390 daAuts
     D:8: 1335 daAuts
     D:5: 1331 daAuts
    D:10: 1244 daAuts
     D:4: 1216 daAuts
    D:11: 1155 daAuts
     D:7: 1129 daAuts
  Lair:1: 1126 daAuts
    D:12: 1072 daAuts
     D:2: 895 daAuts
     D:1: 776 daAuts
  Bailey: 704 daAuts
     D:6: 651 daAuts
  Lair:2: 60 daAuts

Table legend:
 A = Non-vault XP
 B = Vault XP
 C = Vault XP percentage of total XP
 D = Non-vault monster count
 E = Vault monster count
 F = Vault count percentage of total count
                 A         B        C        D         E       F
            +---------+---------+-------+---------+---------+-------
      Total |   19716 |   12113 |  38.1 |     252 |     112 |  30.8
            +---------+---------+-------+---------+---------+-------
        D:1 |      42 |       8 |  16.0 |      21 |       4 |  16.0
        D:2 |      36 |       0 |   0.0 |      13 |       0 |   0.0
        D:3 |     159 |      37 |  18.9 |      28 |       1 |   3.4
        D:4 |     216 |       0 |   0.0 |      30 |       0 |   0.0
        D:5 |     387 |     164 |  29.8 |      14 |       1 |   6.7
        D:6 |     228 |       0 |   0.0 |       9 |       0 |   0.0
        D:7 |     565 |    1573 |  73.6 |      18 |       8 |  30.8
        D:8 |    1615 |       1 |   0.1 |      21 |       1 |   4.5
        D:9 |    3574 |    1474 |  29.2 |      31 |      34 |  52.3
       D:10 |    2666 |    3679 |  58.0 |      18 |      12 |  40.0
       D:11 |    4853 |       0 |   0.0 |      26 |       0 |   0.0
       D:12 |    2672 |    2946 |  52.4 |      13 |      12 |  48.0
     Lair:1 |    2051 |       0 |   0.0 |       7 |       0 |   0.0
     Lair:2 |     652 |     763 |  53.9 |       3 |       2 |  40.0
     Bailey |       0 |    1468 | 100.0 |       0 |      37 | 100.0
            +---------+---------+-------+---------+---------+-------
